AoeStats
← EricOFreitas

Arabia

505932140Analyzed
1v1 RM · 19d ago on Sep 11, 2026· 28m 23s· 2 players
Game mode
Random Map
Map size
Tiny (2 player)
Population
200
Speed
Normal
Resources
Standard
Victory
Conquest
Starting age
Dark Age
Ending age
Imperial Age
RankedLock teamsTeams togetherTeam positionsShared explorationLock speedFull tech treeHidden civsTurbo modeCheats
Victory
Defeat
🇪🇸 Bengalis · Spain
1142
+16
🇧🇷 Mongols · Brazil
1136
-40
EricOFreitas
3:14 Loom
10:23 Feudal Age
22:42 Castle Age
22:23 Wheelbarrow
22:56 Forging
23:09 Double-Bit Axe
23:03 Elite Skirmisher
26:32 Padded Archer Armor
26:23 Fletching
26:35 Pikeman
28:07 Squires
28:32 Scale Mail Armor
29:07 Iron Casting
DaiMao
6:32 Loom
9:18 Feudal Age
10:09 Double-Bit Axe
10:05 Horse Collar
11:58 Town Watch
21:43 Castle Age
21:16 Gold Mining
21:41 Bloodlines
21:23 Fletching
21:34 Padded Archer Armor
22:55 Bow Saw
22:56 Forging
22:44 Bodkin Arrow
26:04 Ballistics
27:43 Leather Archer Armor
Connection lost

Rejoining the realm…

Still unreachable

The connection could not be restored.

Session expired

The server has moved on; the page needs a fresh start.